Map: Ruins of Endion

Players

FatGoku

  • Race: Zerg Zerg
  • League: Master

JusticeSimon - Winner!

  • Race: Protoss Protoss
  • League: Master

VOD

Have the link to the VOD?

Description

Time

  • Played on: April 14, 2016, 3:49 a.m.
  • Length: 11:52
Show
View Real Time Build Order
Export as new Build Order

FatGoku Zerg 

Build Orders: Hatch First, Lurkers 

Get SALT Encoding   

  12  0:02  Drone  
  13  0:13  Overlord  
  13  0:17  Drone  
  14  0:33  Drone x2  
  16  0:37  Drone  
  17  0:55  Hatchery  
  17  0:56  Drone  
  17  0:59  Drone  
  18  1:11  Extractor  
  18  1:14  Spawning Pool  
  18  1:18  Drone  
  17  1:20  Drone  
  18  1:28  Drone  
  19  1:39  Drone  
  20  1:55  Drone  
  20  1:57  Hatchery  
  20  2:02  Queen  
  20  2:06  Zergling x2  
  23  2:08  Drone  
  24  2:17  Metabolic Boost  
  24  2:18  Drone  
  25  2:25  Overlord  
  25  2:29  Drone  
  27  2:30  Drone  
  27  2:34  Drone  
  28  2:45  Drone x2  
  28  2:46  Queen  
  28  2:49  Drone  
  33  2:58  Evolution Chamber  
  31  3:02  Zergling x4  
  33  3:06  Zergling x2  
  34  3:13  Spore Crawler  
  32  3:35  Queen  
  32  3:36  Drone  
  32  3:37  Drone x6, Overlord x2  
  41  3:52  Drone  
  42  3:59  Drone x6  
  42  4:02  Drone x2  
  47  4:17  Spore Crawler  
  47  4:19  Spore Crawler, Queen x2  
  49  4:25  Overlord  
  49  4:26  Drone x5  
  49  4:27  Drone  
  55  4:31  Spore Crawler  
  55  4:32  Spore Crawler  
  55  4:35  Spore Crawler  
  52  4:40  Lair  
  52  4:42  Zergling x2  
  52  4:43  Zergling x6  
  56  4:49  Spore Crawler  
  55  4:55  Overlord  
  55  4:56  Overlord  
  55  4:57  Drone x4  
  59  5:10  Zerg Missile Weapons Level 1  
  59  5:11  Extractor  
  58  5:14  Roach Warren  
  57  5:27  Drone x3  
  57  5:28  Drone x13  
  73  5:31  Extractor  
  73  5:32  Extractor  
  71  5:35  Overlord  
  71  5:38  Overlord x2  
  71  5:43  Hydralisk Den  
  68  6:05  Queen  
  68  6:10  Glial Reconstitution  
  70  6:17  Drone  
  70  6:18  Drone x3  
  74  6:21  Drone  
  74  6:22  Drone x11  
  74  6:24  Extractor  
  74  6:25  Extractor  
  84  6:34  Overlord x2  
  84  6:35  Overlord  
  84  6:36  Hydralisk, Muscular Augments  
  86  6:42  Hydralisk  
  86  6:43  Hydralisk x2  
  86  6:45  Overlord  
  86  6:46  Overlord  
  92  6:53  Spore Crawler, Overlord x2  
  91  7:01  Pneumatized Carapace  
  91  7:03  Hydralisk  
  91  7:04  Hydralisk x3  
  99  7:23  Hydralisk x6  
  111  7:30  Zerg Missile Weapons Level 2  
  111  7:39  Hatchery x2  
  108  7:50  Hatchery  
  106  8:05  Hydralisk x4  
  106  8:06  Hydralisk x7  
  128  8:17  Lurker Den  
  128  8:28  Overlord  
  128  8:29  Overlord x2  
  128  8:33  Roach x6  
  128  8:34  Roach x3  
  146  8:38  Overlord x4  
  146  8:41  Overlord x3  
  146  8:45  Spine Crawler x3  
  146  8:48  Extractor, Spine Crawler  
  142  8:49  Extractor  
  142  8:50  Spine Crawler  
  139  8:58  Queen  
  139  8:59  Spore Crawler  
  139  9:00  Spore Crawler  
  139  9:01  Spine Crawler  
  137  9:14  Drone  
  137  9:15  Drone x11  
  149  9:42  Infestation Pit  
  149  9:43  Lurker x5  
  149  9:44  Lurker x5  
  157  9:47  Zerg Ground Armor Level 1  
  157  9:51  Roach  
  157  9:52  Roach x6  
  163  10:27  Roach  
  163  10:28  Roach x5  
  165  10:40  Hydralisk x13  
  165  10:41  Hydralisk  
  155  10:46  Roach  
  155  10:47  Roach x2  
  153  10:53  Hydralisk  
  153  10:54  Hydralisk x2  
  117  11:13  Hydralisk x8  
Show
View Real Time Build Order
Export as new Build Order

JusticeSimon Protoss - Winner!

Build Orders: 1 Gate Expand, Phoenix Opening 

Get SALT Encoding   

  12  0:03  Probe (Chrono Boost)  
  13  0:13  Probe (Chrono Boost)  
  14  0:19  Pylon  
  14  0:24  Probe (Chrono Boost)  
  15  0:37  Probe (Chrono Boost)  
  16  0:43  Gateway  
  16  0:48  Probe (Chrono Boost)  
  16  0:49  Assimilator  
  17  0:58  Probe (Chrono Boost)  
  18  1:09  Probe (Chrono Boost)  
  19  1:24  Nexus  
  19  1:36  Cybernetics Core  
  19  1:38  Probe (Chrono Boost)  
  20  1:46  Assimilator  
  20  1:49  Probe (Chrono Boost)  
  21  1:56  Pylon  
  21  1:59  Probe (Chrono Boost)  
  22  2:10  Probe (Chrono Boost)  
  22  2:15  Adept (Chrono Boost), Warp Gate  
  25  2:21  Mothership Core (Chrono Boost)  
  27  2:37  Probe (Chrono Boost)  
  27  2:41  Adept  
  27  2:42  Probe (Chrono Boost)  
  31  2:48  Probe (Chrono Boost)  
  32  2:53  Stargate  
  32  2:55  Probe (Chrono Boost)  
  33  2:59  Probe (Chrono Boost)  
  34  3:08  Probe (Chrono Boost)  
  34  3:09  Probe (Chrono Boost)  
  36  3:21  Probe x2 (Chrono Boost)  
  36  3:23  Adept  
  38  3:27  Pylon  
  38  3:30  Pylon  
  39  3:34  Probe x2 (Chrono Boost)  
  40  3:45  Phoenix (Chrono Boost), Probe (Chrono Boost)  
  40  3:46  Probe  
  44  3:51  Pylon  
  37  4:18  Probe  
  37  4:19  Phoenix (Chrono Boost)  
  37  4:20  Probe  
  37  4:23  Zealot  
  43  4:29  Probe  
  44  4:32  Probe  
  44  4:38  Nexus  
  45  4:39  Pylon, Probe  
  45  4:44  Probe  
  45  4:45  Robotics Facility  
  47  4:48  Phoenix (Chrono Boost)  
  47  4:50  Probe  
  50  4:57  Probe  
  51  5:00  Probe  
  51  5:02  Assimilator  
  51  5:04  Pylon  
  51  5:06  Assimilator  
  52  5:10  Phoenix (Chrono Boost)  
  52  5:12  Forge  
  54  5:22  Probe  
  54  5:23  Probe  
  54  5:27  Robotics Facility  
  56  5:29  Gateway  
  56  5:33  Gateway  
  56  5:35  Immortal (Chrono Boost)  
  56  5:38  Protoss Ground Weapons Level 1 (Chrono Boost)  
  61  5:42  Probe  
  61  5:43  Probe  
  62  5:55  Probe x2  
  64  5:57  Probe  
  65  6:07  Probe  
  65  6:09  Twilight Council  
  65  6:11  Probe  
  66  6:12  Immortal (Chrono Boost), Probe  
  72  6:19  Immortal (Chrono Boost), Probe  
  72  6:25  Sentry  
  79  6:28  Probe x2  
  79  6:31  Assimilator, Probe  
  82  6:35  Pylon  
  82  6:40  Probe x2  
  82  6:45  Charge  
  84  6:47  Probe  
  84  6:48  Immortal (Chrono Boost)  
  84  6:52  Assimilator, Probe  
  90  6:55  Pylon  
  90  6:58  Pylon  
  90  7:05  Probe  
  90  7:06  Probe x2  
  90  7:07  Pylon  
  93  7:13  Zealot x3  
  93  7:14  Templar Archives  
  99  7:18  Probe x3  
  99  7:22  Pylon  
  102  7:25  Pylon  
  102  7:33  Gateway  
  102  7:34  Pylon, Gateway  
  102  7:35  Immortal (Chrono Boost)  
  102  7:36  Observer (Chrono Boost)  
  107  7:55  Warp Prism (Chrono Boost)  
  109  7:59  Zealot x3  
  109  8:00  Probe  
  109  8:01  Protoss Ground Weapons Level 2, Probe x2  
  109  8:04  Photon Cannon  
  116  8:07  Photon Cannon  
  116  8:08  Psionic Storm  
  116  8:09  Immortal (Chrono Boost)  
  120  8:14  Gateway  
  120  8:15  Gateway  
  120  8:33  Immortal (Chrono Boost)  
  124  8:34  Zealot  
  124  8:35  Zealot x2  
  130  8:44  Immortal (Chrono Boost)  
  130  8:45  Gateway  
  130  8:47  Gateway  
  134  9:01  High Templar x5  
  134  9:02  Nexus  
  144  9:17  Pylon  
  144  9:18  Pylon  
  144  9:20  Immortal x2 (Chrono Boost)  
  144  9:22  Pylon  
  152  9:52  Zealot  
  152  9:53  Zealot x6  
  152  9:54  Immortal (Chrono Boost)  
  152  9:55  Immortal (Chrono Boost)  
  164  10:18  Zealot x6  
  164  10:19  Zealot x3  
  172  10:28  Observer x2 (Chrono Boost)  
  164  10:42  Archon  
  152  10:43  Archon  
  152  10:45  Zealot x4  
  152  10:46  Zealot x5  
  152  11:13  Zealot  
  152  11:14  Zealot x8  
  142  11:35  Zealot x9  
  160  11:40  Assimilator  
  160  11:46  Assimilator, Gateway  
  160  11:48  Gateway  
  160  11:50  Gateway  
  160  11:51  Gateway  
Tags
 
Add a new tag
Caveats
  • Supply blocks, unpowered buildings, or Contaminate may cause inaccurate times.
  • Supply counts are checked every 10 seconds.